 Dungeon Sprint DCSS version 0.21-a0-278-ga722497 (webtiles) character file.

7624 potatolord6000 the Protected (level 10, -2/104 HPs)
             Began as a Minotaur Fighter on Sept 21, 2017.
             Was an Initiate of Gozag.
             Slain by an orc warrior
             ... wielding a cursed +0 halberd
             ... led by Saint Roka
              (8 damage)
             ... in the Dungeon (Sprint VII: "The Pits").
             The game lasted 00:04:55 (1002 turns).

potatolord6000 the Protected (Minotaur Fighter)     Turns: 1002, Time: 00:04:56

Health: -2/104     AC: 29    Str: 27    XL:     10   Next: 98%
Magic:  19/19      EV: 13    Int: 13    God:    Gozag
Gold:   274        SH: 14    Dex: 10    Spells: 9/9 levels left

rFire    . . .     SeeInvis .   v - +1 broad axe (freeze)
rCold    . . .     Gourm    .   h - +0 shield {AC+3}
rNeg     . . .     Faith    .   a - +4 chain mail
rPois    .         Spirit   .   c - +3 hat of Pondering {ponderous, MR+ MP+10 Int+5}
rElec    .         Reflect  .   (no cloak)
rCorr    .         Harm     .   b - +1 pair of gloves {Str+3}
MR       +....     NoTele   +   (no boots)
Stlth    ..........             (no amulet)
HPRegen  0.27/turn              d - +3 ring of intelligence
MPRegen  0.16/turn              r - +3 ring of protection

@: gold aura, berserk cooldown, very slightly contaminated, hasted, very quick
A: retaliatory headbutt, horns 2
a: Potion Petition, Call Merchant, Bribe Branch, Renounce Religion


You were in the Dungeon.
You worshipped Gozag.
Gozag was aware of your devotion.
You were hungry.

You visited 1 branch You collected 3168 gold pieces.
You spent 1117 gold pieces at shops.
You paid 1777 gold pieces to Gozag.

Inventory:

Hand Weapons
 v - a +1 broad axe of freezing (weapon)
Armour
 a - a +4 chain mail (worn)
 b - a +1 pair of gloves of strength (worn)
 c - the +3 hat of Pondering (worn) {ponderous, MR+ MP+10 Int+5}
   (You bought it in a shop in the Dungeon)

   It affects your intelligence (+5).
   It affects your resistance to hostile enchantments.
   It affects your magic capacity (+10).
 h - a +0 shield of protection (worn)
Jewellery
 d - a +3 ring of intelligence (left hand)
 r - a +3 ring of protection (right hand)
Scrolls
 m - 2 scrolls of remove curse
 n - 5 scrolls of amnesia
 o - a scroll of summoning
Potions
 e - 8 potions of curing
 g - 3 potions of heal wounds
 i - 4 potions of magic
 j - 3 potions of berserk rage
 l - 2 potions of invisibility
 s - a potion of might
 t - a potion of brilliance
Comestibles
 f - 8 bread rations
 p - 40 fruits
 q - 7 meat rations


   Skills:
 + Level 14.6 Fighting
 + Level 14.5 Axes
 + Level 14.7 Armour
 + Level 11.2 Dodging
 + Level 14.5 Shields


You had 9 spell levels left.
You didn't know any spells.

Dungeon Overview and Level Annotations

Branches:
Dungeon (1/1)

Altars:
Ashenzari
Cheibriados
Dithmenos
Elyvilon
Fedhas
Gozag
Hepliaklqana
Kikubaaqudgha
Makhleb
Nemelex Xobeh
Okawaru
Qazlal
Ru
Sif Muna
Trog
Uskayaw
Vehumet
Wu Jian
Xom
Yredelemnul
Zin
The Shining One
Beogh
Jiyva
Lugonu

Shops:
D [[

Annotations:
D Saint Roka


Innate Abilities, Weirdness & Mutations

You reflexively headbutt those who attack you in melee.
You have a pair of horns on your head.


Message History

You headbutt the orc warrior, but do no damage.
The orc warrior is heavily wounded.
You hear a howl!
The orc warrior no longer looks unusually strong. x2
The orc warrior completely misses you.
Saint Roka says, "Down here, you're an orc or you're nobody."
Saint Roka roars a battlecry!
The orcs go into a battle-frenzy!
The orc warrior hits you from afar with a halberd!!
* * * LOW HITPOINT WARNING * * *
You slash the orc warrior! You freeze the orc warrior.
The orc warrior is almost dead.
You feel yourself speed up. You block the orc warrior's attack.
Saint Roka invokes the aid of Beogh against you.
Beogh smites you!
* * * LOW HITPOINT WARNING * * *
The orc warrior hits you from afar with a halberd!
You die...
Your body crumbles into a pile of gold.

............#
..#..#......#
............+
............+
..#..#......#
............#
#####'[######
...##))############## #
...##).....#...'@ooo## ..#
...##.∩..###...###oho#...#
...##...##.')..+ ##ooo..#
...##..##(.##'## ##os.##
...##..#..##...## o...#
...##..#..#.....# ...#
#####..'..+.....+


hoh.+ #####..#..#.....# ...# .[[##..#.)##...## ...# You could see Saint Roka, 5
orc warriors, a wolf, an orc priest, 2 orcs and a giant cockroach.

Vanquished Creatures
  An emperor scorpion (D)
  2 two-headed ogres (D)
  A death yak (D)
  An unseen horror (D)
  A lindwurm (D)
  A phantasmal warrior (D)
  2 deep elf magi (D)
  A spiny frog (D)
  A red devil (D)
  A polar bear (D)
  A flying skull (D)
  A tarantella (D)
  2 vampire mosquitoes (D)
  A water moccasin (D)
  A porcupine (D)
  A floating eye (D)
  An orc warrior (D)
  A swamp drake (D)
  A phantom (D)
  An eye of draining (D)
  A centaur (D)
  A small abomination (D)
  A gnoll sergeant (D)
  2 gnoll shamans (D)
  10 gnolls (D)
  An adder (D)
  A river rat (D)
  A white imp (D)
  A leopard gecko (D)
  4 orcs (D)
  2 bats (D)
  A bat zombie (D)
  A giant cockroach (D)
  3 jackals (D)
  2 kobolds (D)
55 creatures vanquished.

Notes
Turn   | Place    | Note
-------+----------+-------------------------------------------
     0 | D        | potatolord6000 the Minotaur Fighter began the quest for the Orb.
     0 | D        | Reached XP level 1. HP: 19/19 MP: 0/0
    44 | D        | Found a bloodstained altar of Trog.
    44 | D        | Found a deep blue altar of Sif Muna.
    44 | D        | Found a viscous altar of Jiyva.
    44 | D        | Found a hazy altar of Hepliaklqana.
    44 | D        | Found an opulent altar of Gozag.
    45 | D        | Found a glowing golden altar of the Shining One.
    45 | D        | Found a glowing silver altar of Zin.
    45 | D        | Found a basalt altar of Yredelemnul.
    45 | D        | Found a shimmering altar of Xom.
    45 | D        | Found an ornate altar of the Wu Jian Council.
    45 | D        | Found a sacrificial altar of Ru.
    45 | D        | Found a stormy altar of Qazlal.
    45 | D        | Found an iron altar of Okawaru.
    45 | D        | Found a sparkling altar of Nemelex Xobeh.
    45 | D        | Found a burning altar of Makhleb.
    45 | D        | Found a blossoming altar of Fedhas.
    45 | D        | Found a white marble altar of Elyvilon.
    45 | D        | Found a shadowy altar of Dithmenos.
    45 | D        | Found a snail-covered altar of Cheibriados.
    47 | D        | Found a radiant altar of Vehumet.
    47 | D        | Found a corrupted altar of Lugonu.
    47 | D        | Found a roughly hewn altar of Beogh.
    49 | D        | Found an ancient bone altar of Kikubaaqudgha.
    49 | D        | Found a hide-covered altar of Uskayaw.
    49 | D        | Found a shattered altar of Ashenzari.
    52 | D        | Became a worshipper of Gozag Ym Sagoz the Greedy
    85 | D        | Reached XP level 2. HP: 22/28 MP: 1/1
   146 | D        | Noticed a water moccasin
   172 | D        | Killed a water moccasin
   172 | D        | Reached XP level 3. HP: 31/38 MP: 2/2
   172 | D        | Reached XP level 4. HP: 36/45 MP: 3/3
   246 | D        | Noticed a flying skull
   246 | D        | Noticed a phantom
   269 | D        | Killed a flying skull
   269 | D        | Reached XP level 5. HP: 32/56 MP: 4/4
   269 | D        | Reached XP level 6. HP: 36/62 MP: 5/5
   399 | D        | Noticed a porcupine
   402 | D        | Killed a porcupine
   402 | D        | Reached skill level 1 in Dodging
   406 | D        | Noticed a death yak
   418 | D        | Killed a death yak
   418 | D        | Reached skill level 10 in Fighting
   418 | D        | Reached skill level 10 in Axes
   418 | D        | Reached skill level 10 in Armour
   418 | D        | Reached skill level 5 in Dodging
   418 | D        | Reached skill level 10 in Shields
   418 | D        | Reached XP level 7. HP: 46/73 MP: 6/6
   418 | D        | Reached XP level 8. HP: 51/81 MP: 7/7
   422 | D        | Noticed a deep elf mage
   429 | D        | Killed a deep elf mage
   451 | D        | Noticed a two-headed ogre
   462 | D        | Killed a two-headed ogre
   462 | D        | Reached XP level 9. HP: 90/90 MP: 8/8
   483 | D        | Bought a pair of runed gloves for 165 gold pieces
   483 | D        | Bought a pitted shield for 209 gold pieces
   493 | D        | Identified the cursed -1 shield of the Bagpipe {rElec MR+ Str-2} (You bought it in a shop in the Dungeon)
   621 | D        | Noticed a two-headed ogre
   626 | D        | Killed a two-headed ogre
   645 | D        | Bought a +0 shield of protection for 172 gold pieces
   663 | D        | Noticed a red devil
   680 | D        | Killed a red devil
   706 | D        | Noticed a deep elf mage
   713 | D        | Killed a deep elf mage
   720 | D        | Reached XP level 10. HP: 50/101 MP: 9/9
   742 | D        | Bought the +3 hat of Pondering {ponderous, MR+ MP+10 Int+5} for 571 gold pieces
   742 | D        | Found the +3 hat of Pondering {ponderous, MR+ MP+10 Int+5}
   908 | D        | Noticed a lindwurm
   914 | D        | Killed a lindwurm
   937 | D        | Reached skill level 10 in Dodging
   958 | D        | Noticed an emperor scorpion
   964 | D        | Noticed Saint Roka
   972 | D        | Killed an unseen horror
   979 | D        | Killed an emperor scorpion
   980 | D        | Noticed a phantasmal warrior
   982 | D        | Noticed a spiny frog
   987 | D        | Killed a phantasmal warrior
   993 | D        | Killed a spiny frog
  1002 | D        | Slain by an orc warrior

Vault maps used:
D:        pitsprint

Skill      XL: |  1  2  3  4  5  6  7  8  9 10 |
---------------+-------------------------------+-----
Fighting       | 4 6 8 10 12 13 14 | 14.6
Armour         | 4 6 8 10 12 13 14 | 14.7
Shields        | 4 6 8 10 12 13 14 | 14.5
Axes           | 3 6 8 10 12 13 14 | 14.5
Dodging        | 5 7 9 11 | 11.2

Action                   |  1- 3 |  4- 6 |  7- 9 | 10-12 || total
-------------------------+-------+-------+-------+-------++-------
Melee: War axe           |    40 |    42 |    22 |       ||   104
       Headbutt          |     5 |     8 |    13 |    14 ||    40
       Broad axe         |       |       |    30 |    41 ||    71
Invok: Potion Petition   |       |       |     1 |     1 ||     2
       Call Merchant     |       |       |     2 |       ||     2
  Use: Potion            |     1 |     4 |       |     7 ||    12
       Scroll            |       |       |     1 |     1 ||     2
 Stab: Distracted        |       |     1 |       |       ||     1
Armor: Scale mail        |    17 |       |       |       ||    17
       Chain mail        |       |    14 |    16 |    35 ||    65
Dodge: Dodged            |    12 |     7 |    14 |    28 ||    61
Block: Shield            |    12 |    19 |    33 |    43 ||   107

Table legend:
 A = Spawn XP
 B = Non-spawn XP
 C = Spawn XP percentage of total XP
 D = Spawn monster count
 E = Non-spawn monster count
 F = Spawn count percentage of total count
 G = Total turns spent on level
                    A         B        C        D         E        F      G
               +---------+---------+-------+---------+---------+-------+---------
         Total |       0 |   10892 |   0.0 |       0 |      55 |   0.0 |  1002
               +---------+---------+-------+---------+---------+-------+---------
             D |       0 |   10892 |   0.0 |       0 |      55 |   0.0 |  1002
               +---------+---------+-------+---------+---------+-------+---------
